[Event "Late-Titled-Tuesday-Blitz-March-26-2024"]
[Site "Chess.com"]
[Date "2024.03.26"]
[Round "10"]
[White "mishanick"]
[Black "ViIIagra"]
[Result "1-0"]
[WhiteElo "3054"]
[BlackElo "2898"]
[TimeControl "180+1"]
[EndTime "15:55:11 PDT"]
[Termination "mishanick won by resignation"]

1. d4 d6 2. e4 Nf6 3. f3 e5 4. d5 Be7 5. c4 O-O 6. Bd3 c6 7. Nc3 a6 8. a4 a5 9. Be3 Na6 10. Nge2 Nd7 11. O-O Bg5 12. Bf2 Ndc5 13. Bb1 Nb4 14. Ra3 Qe7 15. Na2 cxd5 16. cxd5 b6 17. Nac3 Ba6 18. Nb5 Bxb5 19. axb5 Rac8 20. Nc3 Rc7 21.
Qe2 Bh6 22. g3 Rfc8 23. Kg2 Qg5 24. Rd1 Qd8 25. Qf1 g6 26. h4 Kg7 27. Qh1 Qf6 28. Qh3 Qe7 29. h5 Qd7 30. Qh4 g5 31. Qh3 g4 32.
Qxg4+ Qxg4 33. fxg4 Bg5 34. Ne2 h6 35. Ng1 f6 36.
Nf3 Kf7 37. Nh4 Nb7 38. Bxb6 Rc1 39. Rxc1 Rxc1 40. Bd3 Rd1 41. Be2 Rd2 42. Kf1 Rxb2 43. Nf5 Ke8 44. Rc3 Rc2 45. Rxc2 Nxc2 46. Bd1 Nb4 47.
Ke2 Kd7 48. Bb3 Nc5 49. Bxc5 dxc5 50. d6 c4 51. Bxc4 a4 52. b6 a3 53. b7 Nc6 54.
Bb5 a2 55. b8=Q 1-0

[Event "Late-Titled-Tuesday-Blitz-March-26-2024"]
[Site "Chess.com"]
[Date "2024.03.26"]
[Round "10"]
[White "xasid81"]
[Black "ThinkingSquares"]
[Result "1/2-1/2"]
[WhiteElo "2642"]
[BlackElo "2799"]
[TimeControl "180+1"]
[EndTime "15:55:12 PDT"]
[Termination "Game drawn - insufficient material"]

1. e4 c5 2. Nf3 e6 3. c3 d5 4. exd5 Qxd5 5. d4 Nf6 6. Be3 cxd4 7. Qxd4 Nc6 8. Qxd5 Nxd5 9. Bb5 Bd7 10. Nbd2 Nxe3 11.
fxe3 a6 12. Ba4 b5 13. Bc2 Bc5 14. Nd4 Ne5 15. Ke2 Ke7 16. N2f3 Nc4 17. b3 Nb6 18. Be4 Ra7 19. Ne5 Rc7 20. Nxd7 Nxd7 21. a4 Bxd4 22.
cxd4 Nf6 23. Bd3 Nd5 24. Kd2 Rb8 25. axb5 axb5 26. Rhc1 Rxc1 27. Rxc1 b4 28. Ra1 Rb7 29. Be4 Kd6 30. Bxd5 Kxd5 31. Ra5+ Kd6 32. Ra6+ Kd5 33. Kd3 f5 34. Ra5+ Kd6 35. Kc4 g5 36. Ra6+ Ke7 37. d5 exd5+ 38. Kxd5 Kf7 39. Rc6 Re7 40. Kd4 Re4+ 41. Kd3 h5 42. Rc4 Re5 43. Rxb4 Rd5+ 44. Rd4 Ra5 45. b4 Ra2 46. b5 Rb2 47. Kc4 Rxg2 48. Kc5 Rc2+ 49. Rc4 Rxc4+ 50. Kxc4 Ke6 51. Kd4 Kd6 52. b6 h4 53. b7 Kc7 54. Ke5 g4 55. Kf4 Kxb7 56. e4 fxe4 57. Kxg4 Kc6 58. Kxh4 Kd5 59. Kg3 Kd4 60. Kf2 e3+ 61. Ke2 Ke4 62.
h4 Kf4 63. h5 Kg5 64. Kxe3 Kh6 65. Kf4 Kxh5 1/2-1/2

[Event "Late-Titled-Tuesday-Blitz-March-26-2024"]
[Site "Chess.com"]
[Date "2024.03.26"]
[Round "10"]
[White "vladoboch"]
[Black "Stanbad1"]
[Result "1-0"]
[WhiteElo "2501"]
[BlackElo "2627"]
[TimeControl "180+1"]
[EndTime "15:55:12 PDT"]
[Termination "vladoboch won on time"]

1. e4 c6 2. d4 d5 3. e5 Bf5 4. h4 h5 5. c4 e6 6. Nc3 dxc4 7. Bxc4 Nd7 8. Nge2 Ne7 9. Bg5 Qb6 10. O-O O-O-O 11.
Ng3 Bg6 12. Nge4 Nxe5 13. dxe5 Rxd1 14. Raxd1 Nd5 15. Nd6+ Bxd6 16. exd6 Kd7 17. Na4 Qb4 18. Bb3 Qxd6 19. Be3 b6 20. Bd4 f6 21. Rfe1 Kc8 22.
Nc3 Kb7 23. a4 a5 24. Nxd5 cxd5 25. Bc3 Rc8 26. Rxe6 Qxe6 27. Bxd5+ Qxd5 28. Rxd5 Bf7 29. Rd3 Be8 30. b3 Bf7 31. Bd2 Rc7 32. Bf4 Re7 33.
f3 Kc6 34. Kf2 Rd7 35. Rc3+ Kb7 36. g4 hxg4 37. fxg4 Be6 38. Kg3 Bd5 39. h5 Bc6 40. Re3 Rd8 41. Kh4 Re8 42. Rd3 Re7 43. Bd6 Rd7 44. Kg3 Be4 45. Rd2 Kc6 46. Bf4 Rxd2 47. Bxd2 Bd5 48. b4 axb4 49. Bxb4 Bb3 50. Bf8 Bxa4 51. Bxg7 Bc2 52. Bxf6 Kd5 53. Kf4 Ke6 54. Bd4 b5 55. Kg5 Kf7 56. Kh6 Kg8 57. g5 Bd1 58. Bc3 Be2 59. Kg6 Bd3+ 60. Kh6 Be2 61. g6 Bd1 62.
Kg5 Bc2 63. h6 1-0

[Event "Late-Titled-Tuesday-Blitz-March-26-2024"]
[Site "Chess.com"]
[Date "2024.03.26"]
[Round "10"]
[White "karinachess1"]
[Black "janhelmer03"]
[Result "0-1"]
[WhiteElo "2561"]
[BlackElo "2434"]
[TimeControl "180+1"]
[EndTime "15:55:14 PDT"]
[Termination "janhelmer03 won by resignation"]

1. d4 d5 2. c4 c6 3. Nf3 Nf6 4. g3 dxc4 5. Bg2 b5 6. a4 Bb7 7.
Ne5 a6 8. Nc3 Nd5 9. O-O Nd7 10.
Ne4 Nxe5 11. dxe5 e6 12. Bg5 Qc7 13. Qd4 c5 14. Qd2 Qxe5 15. axb5 axb5 16. Rxa8+ Bxa8 17. Qa5 Nc7 18. Bf4 Qd4 19. e3 Qd3 20. Qxc7 Bxe4 21.
Qc8+ Ke7 22. Qxc5+ Ke8 23. Qxb5+ Ke7 24. Ra1 Qd5 25. Qb4+ Kf6 26. Qc3+ Kg6 27. Bxe4+ Qxe4 28. Rd1 Be7 29. Rd7 Bf6 30. Qc1 Ra8 31. Rd1 Ra2 32. Qd2 Rxb2 33. Qd7 Qf3 34. Rf1 Qd5 35. Qc7 c3 36. h4 h5 37. Bd6 c2 38. Ba3 Ra2 39. Bc1 Qd3 40. Qc6 Ra1 41. Qf3 e5 42. g4 e4 43.
gxh5+ Kh6 44. Qf5 Qxf1+ 45. Kxf1 Rxc1+ 46. Ke2 Re1+ 47. Kxe1 c1=Q+ 48. Ke2 Qc2+ 49. Kf1 Qd1+ 50. Kg2 Qf3+ 51. Qxf3 exf3+ 52. Kxf3 Kxh5 53. Kf4 Kxh4 54. f3 Kh5 55. Ke4 Be7 56. f4 Kg4 57. f5 Bf6 58. Kd5 Kxf5 0-1

[Event "Late-Titled-Tuesday-Blitz-March-26-2024"]
[Site "Chess.com"]
[Date "2024.03.26"]
[Round "10"]
[White "rezamahdavi2008"]
[Black "Rud_Makarian"]
[Result "1-0"]
[WhiteElo "2898"]
[BlackElo "3088"]
[TimeControl "180+1"]
[EndTime "15:55:17 PDT"]
[Termination "rezamahdavi2008 won by checkmate"]

1. e4 c5 2. Nf3 d6 3. d4 cxd4 4. Nxd4 Nf6 5. Nc3 a6 6. Bg5 Nbd7 7. Bc4 e6 8. Qe2 h6 9. Bh4 Qa5 10. O-O-O Qh5 11. Qxh5 Nxh5 12. f3 Ne5 13. Bb3 g5 14.
Bf2 Bd7 15. Rhe1 Rc8 16. Kb1 b5 17. a3 Be7 18. Nde2 Rg8 19. Rd2 Nf4 20. Nxf4 gxf4 21.
Bd4 Nc6 22. Bb6 Ne5 23. Red1 Nc4 24. Bxc4 Rxc4 25. Ba5 h5 26. Bb4 Rc6 27. Rg1 h4 28.
Ne2 e5 29. Nc3 Be6 30. Rgd1 Rg6 31. b3 Bd8 32. Kb2 Bb6 33. Bxd6 Bd4 34. Rxd4 exd4 35. Rxd4 Rxd6 36. Rxd6 Rxg2 37. Rxa6 Rxh2 38. Nxb5 Ke7 39. Ra8 Rf2 40. Rh8 h3 41. Nd4 Bd7 42. a4 Kd6 43. Rh5 h2 44. a5 Bc8 45. b4 f5 46. exf5 Ke5 47. Kc3 Bb7 48. b5 Bxf3 49. Rxh2 Rf1 50. a6 Be4 51. b6 Rb1 52. b7 Bxb7 53. axb7 Rxb7 54. Re2+ Kf6 55. Re6+ Kg5 56. Rg6+ Kh5 57. Rg1 Rf7 58. Kd3 Kh4 59. Ke4 Kh3 60. Kxf4 Rf8 61. Rg3+ Kh4 62. Nf3+ Kh5 63. Rh3# 1-0

[Event "Late-Titled-Tuesday-Blitz-March-26-2024"]
[Site "Chess.com"]
[Date "2024.03.26"]
[Round "10"]
[White "HansOnTwitch"]
[Black "mbojan"]
[Result "1-0"]
[WhiteElo "3110"]
[BlackElo "2901"]
[TimeControl "180+1"]
[EndTime "15:55:24 PDT"]
[Termination "HansOnTwitch won on time"]

1. c4 g6 2. Nc3 Bg7 3. d4 d6 4. e4 Nf6 5. h3 Nbd7 6. Be3 e5 7. d5 Nc5 8. Qc2 a5 9. g4 h5 10. g5 Nh7 11. Nf3 f6 12. gxf6 Qxf6 13. Be2 Bd7 14.
O-O-O b6 15. Rdg1 Nf8 16. Ng5 Bh6 17. Kb1 Qg7 18. Qd2 Bxg5 19. Rxg5 Qf7 20. Rg3 O-O-O 21. h4 Rg8 22. Rhg1 Nh7 23. b3 Rdf8 24. Kb2 Qf6 25. Rh1 Qe7 26. f3 Rf6 27. Bd1 Rgf8 28. Rhg1 Qf7 29.
a3 Kd8 30. b4 Nb7 31. Nb5 axb4 32. axb4 Bxb5 33. cxb5 Ke8 34. Be2 Nd8 35. Qc2 Rg8 36. Ra1 Qd7 37. Ra8 Rf7 38. Kb3 Kf8 39. Bh6+ Ke7 40.
Ka4 Nf6 41. Bg5 Kf8 42. Bh6+ Ke7 43. Bf1 Rh7 44. Bh3 Rxh6 45. Bxd7 Kxd7 46. Ra7 Ne8 47. Rg1 Nf7 48. Qc6+ Ke7 49. Rxc7+ Nxc7 50. Qxc7+ Kf6 51. Qxb6 Ra8+ 52. Kb3 Rhh8 53. Qe3 Rab8 54. b6 Rb7 55. Rc1 Rhb8 56. Rc6 Kg7 57. f4 exf4 58. Qxf4 Re7 59.
Qe3 Rbe8 60. Rc7 Rxe4 61. Qc3+ Kg8 62. b7 Re3 63. Rc8 Rxc3+ 64. Kxc3 1-0

[Event "Late-Titled-Tuesday-Blitz-March-26-2024"]
[Site "Chess.com"]
[Date "2024.03.26"]
[Round "10"]
[White "WilsonPalencia21"]
[Black "IsuruAlahakoon"]
[Result "1-0"]
[WhiteElo "2582"]
[BlackElo "2357"]
[TimeControl "180+1"]
[EndTime "15:55:25 PDT"]
[Termination "WilsonPalencia21 won on time"]

1. d4 d5 2. c4 e6 3. Nf3 Nf6 4. Nc3 c6 5. Bg5 Nbd7 6. e3 Qa5 7. Nd2 Bb4 8. Qc2 Ne4 9. Ndxe4 dxe4 10. Bh4 O-O 11.
Be2 e5 12. O-O exd4 13. exd4 Bxc3 14. bxc3 f5 15. c5 Nf6 16. f3 e3 17. f4 Ne4 18.
Rac1 Be6 19. a4 b6 20. cxb6 axb6 21. Qd3 Nd2 22. Rfe1 Nc4 23. Ra1 Rfe8 24. Bf3 Bd5 25. Qxf5 Bxf3 26. Qxa5 Rxa5 27. gxf3 Rea8 28. Kf1 Kf7 29.
Ke2 Rxa4 30. Rxa4 Rxa4 31. Kd3 b5 32. Rg1 g6 33. Rg2 Ke6 34. Ke4 Ra3 35. Be1 Ra1 36.
Re2 Rc1 37. h4 Rd1 38. h5 Kf7 39. hxg6+ hxg6 40. f5 Nd6+ 41. Kxe3 Nxf5+ 42. Kf2 Rd3 43. Kg2 Ne3+ 44. Kg3 Nd5 45. Re5 Nxc3 46. Rc5 Ne2+ 47.
Kf2 Nxd4 48. Bc3 Ne6 49. Rxc6 Nf4 50. Be5 Nd5 51. Rc5 b4 52. Ke2 Rc3 53. Rxd5 Rc4 54.
Rb5 Ke6 55. Bh8 1-0

[Event "Late-Titled-Tuesday-Blitz-March-26-2024"]
[Site "Chess.com"]
[Date "2024.03.26"]
[Round "10"]
[White "Savagelittlemole"]
[Black "Bilan_Danila"]
[Result "0-1"]
[WhiteElo "2529"]
[BlackElo "2640"]
[TimeControl "180+1"]
[EndTime "15:55:33 PDT"]
[Termination "Bilan_Danila won by resignation"]

1. e4 c6 2. d4 d5 3. exd5 cxd5 4. Nf3 Nc6 5. Bb5 Nf6 6. Ne5 Bd7 7. Nxd7 Qxd7 8. O-O e6 9. c3 Bd6 10. Bg5 Ne4 11. Bh4 a6 12. Bxc6 bxc6 13. f3 Nf6 14.
Bxf6 gxf6 15. Nd2 Qc7 16. f4 Bxf4 17. Nf3 O-O 18. Qe1 Bh6 19. Qh4 Qf4 20. Qh3 Kh8 21. Kh1 Bg7 22. Rae1 Qh6 23. Qg3 Rab8 24. b3 Rbc8 25. h3 c5 26. Nh2 Qg6 27. Qf3 cxd4 28. cxd4 Rc2 29. Re2 Rfc8 30. Ng4 f5 31. Ne5 Bxe5 32. dxe5 R8c3 33. Qf2 d4 34. Rg1 Rxe2 35.
Qxe2 Qg3 36. Qxa6 Re3 37. Qd6 d3 38. Qf8+ Qg8 39. Qxg8+ Kxg8 40. Rd1 Rxe5 41. Rxd3 Re1+ 42. Kh2 Ra1 43. a4 e5 44. Rd5 e4 45. Rxf5 Rb1 46. Re5 e3 47. Rxe3 Kg7 48. Rc3 Kf6 49. Kg3 Ke5 50.
Kf3 Kd4 51. Re3 f5 52. g4 Rf1+ 53. Ke2 Rh1 54. gxf5 Rh2+ 55. Kf3 Rxh3+ 56. Kf4 Rxe3 57. f6 Rxb3 58. Kf5 Rb1 59. f7 Rf1+ 60. Ke6 h5 61. a5 Kc5 62. a6 Kb6 63. a7 Kxa7 0-1

[Event "Late-Titled-Tuesday-Blitz-March-26-2024"]
[Site "Chess.com"]
[Date "2024.03.26"]
[Round "10"]
[White "wild3000"]
[Black "Cluke86"]
[Result "1-0"]
[WhiteElo "2426"]
[BlackElo "2317"]
[TimeControl "180+1"]
[EndTime "15:55:35 PDT"]
[Termination "wild3000 won on time"]

1. d4 d6 2. e4 Nf6 3. Nc3 e5 4.
dxe5 dxe5 5. Qxd8+ Kxd8 6. Bc4 Bb4 7. Bg5 Bxc3+ 8. bxc3 Ke7 9. Nf3 h6 10. Bxf6+ gxf6 11. O-O-O a5 12. Nh4 c6 13. h3 b5 14.
Be2 Na6 15. Bg4 Be6 16. a3 Nc5 17. f3 Rhg8 18. Rd2 Rad8 19. Rhd1 Rxd2 20. Rxd2 Rd8 21. Bxe6 fxe6 22. g4 Rg8 23. Ng2 h5 24. Ne3 hxg4 25.
Nxg4 Rh8 26. Rh2 Na4 27. h4 Nxc3 28. h5 b4 29. axb4 axb4 30. h6 Nb5 31. Kb2 Nd4 32. Rh3 c5 33. c3 bxc3+ 34. Kxc3 Nc6 35. Kc4 f5 36. Ne3 Nd4 37. h7 Kf6 38. Kxc5 Nxf3 39.
Rxf3 Rxh7 40. exf5 e4 41. Rf1 Rh5 42. Ng4+ Kg5 43. fxe6 Kxg4+ 44. Kd6 e3 45. e7 Rh6+ 46. Ke5 Rh5+ 47. Kf6 Rh6+ 48. Ke5 Rh5+ 49. Ke4 Rh8 50.
Rg1+ Kh3 51. Rh1+ Kg2 52. Rxh8 e2 53. Rg8+ Kh2 54. e8=Q e1=Q+ 55. Kf5 Qf2+ 56. Ke6 Qe3+ 57. Kf6 Qf4+ 58. Kg7 Qg5+ 59. Qg6 Qe5+ 60. Kh7 Qc7+ 61. Rg7 Qf4 62. Qh5+ 1-0

[Event "Late-Titled-Tuesday-Blitz-March-26-2024"]
[Site "Chess.com"]
[Date "2024.03.26"]
[Round "10"]
[White "PepeCuenca"]
[Black "XDPS"]
[Result "0-1"]
[WhiteElo "2746"]
[BlackElo "2911"]
[TimeControl "180+1"]
[EndTime "15:55:39 PDT"]
[Termination "XDPS won on time"]

1. d4 d6 2. e4 g6 3. c4 Bg7 4.
Nc3 Nc6 5. Nge2 e5 6. Be3 f5 7. dxe5 Nxe5 8. b3 Nf6 9. exf5 Bxf5 10. Nd4 Bd7 11. Be2 O-O 12. h3 c6 13. O-O Qa5 14. Rc1 Rae8 15. Qd2 Qc7 16. Bh6 Bxh6 17. Qxh6 a6 18.
Qd2 Bc8 19. f4 Nf7 20. Bf3 Re7 21. Rce1 Rfe8 22. Rxe7 Qxe7 23. Nc2 Qc7 24. Qd4 Qd8 25. Rd1 h5 26. Ne4 Nxe4 27. Bxe4 Kh7 28. Re1 Bd7 29.
Kh1 Qh4 30. Qd2 Qf6 31. Bf3 Rxe1+ 32. Nxe1 Qa1 33. Kh2 b5 34. Qe2 Qf6 35. Nd3 Bf5 36. Be4 bxc4 37. Bxf5 cxd3 38. Bxd3 Qxf4+ 39. g3 Qd4 40. Bxa6 Ne5 41. Kg2 Qd5+ 42. Kf2 Qc5+ 43. Kg2 Qd5+ 44.
Kf2 Qh1 45. Qf1 Qf3+ 46. Ke1 Qxg3+ 47. Kd2 Qh2+ 48. Be2 Kg7 49. a4 Qg3 50. Kc2 Qe3 51. a5 Qc5+ 52. Kb2 Qxa5 53. Qd1 Qb4 54. Qc2 c5 55.
Qd1 c4 56. Qc2 cxb3 57. Qd1 Qc5 58. Qd2 Qc2+ 59. Qxc2 bxc2 60. Kxc2 Kf6 61. Kd2 Kg5 62. Ke3 Kh4 63. Bf1 Kg3 64. Ke4 Nf3 65. Kd5 Nd2 66. Bd3 g5 67. Bg6 h4 68. Bf5 Kf4 69.
Bc8 Ne4 0-1

[Event "Late-Titled-Tuesday-Blitz-March-26-2024"]
[Site "Chess.com"]
[Date "2024.03.26"]
[Round "10"]
[White "DrVelja"]
[Black "Konavets"]
[Result "1/2-1/2"]
[WhiteElo "3035"]
[BlackElo "3148"]
[TimeControl "180+1"]
[EndTime "15:55:40 PDT"]
[Termination "Game drawn by repetition"]

1. e4 e5 2. Nf3 Nc6 3. Bb5 a6 4. Ba4 Nge7 5. O-O Ng6 6. c3 d5 7.
d3 dxe4 8. dxe4 Bd6 9. Bg5 f6 10. Be3 O-O 11. Nbd2 Kh8 12. b4 Qe7 13. Bb3 Nd8 14.
Nc4 Nf7 15. Nfd2 Be6 16. Na5 Bc8 17. g3 Bh3 18. Re1 b6 19. Nac4 Nh6 20. f3 Nf7 21.
Qe2 Be6 22. Bf2 Rad8 23. Ne3 Bc8 24. h4 Qe8 25. Rad1 Ne7 26. Ndc4 Bb7 27. a4 b5 28. Nb2 Nh6 29. axb5 axb5 30. g4 Ng6 31. Ng2 Ne7 32.
Nd3 Bc8 33. Nc5 c6 34. Ne6 Bxe6 35. Bxe6 Ng6 36. Bb3 Nf7 37. Rd3 Be7 38. Red1 Nf4 39. Nxf4 exf4 40. Rxd8 Bxd8 41. Bxf7 Qxf7 42. Rd6 Bc7 43.
Rxc6 Be5 44. Qxb5 h5 45. Qc5 hxg4 46. Rc8 Rxc8 47. Qxc8+ Kh7 48. Qxg4 Qc4 49. Kg2 Kg8 50. h5 Kh8 51. Qg6 Qxc3 52. b5 Qb2 53. h6 gxh6 54. Qxh6+ Kg8 55. Qg6+ Kf8 56. Qh6+ Kg8 57. b6 Bd4 58. Qg6+ Kf8 59. Qh6+ Kg8 60. Qg6+ Kf8 61. Qh6+ Kg8 1/2-1/2

[Event "Late-Titled-Tuesday-Blitz-March-26-2024"]
[Site "Chess.com"]
[Date "2024.03.26"]
[Round "10"]
[White "snowlord"]
[Black "ckgchess"]
[Result "1-0"]
[WhiteElo "2985"]
[BlackElo "2949"]
[TimeControl "180+1"]
[EndTime "15:55:48 PDT"]
[Termination "snowlord won on time"]

1. d4 Nf6 2. c4 e6 3. Bf4 d5 4. cxd5 Nxd5 5. Bg3 Bb4+ 6. Nd2 Nf6 7. Nf3 O-O 8. a3 Be7 9. e4 c5 10. e5 Nd5 11. Bd3 cxd4 12. Qe2 Nc6 13. h4 f5 14. h5 b6 15. Rc1 Bb7 16. Nb3 Rc8 17. O-O Qd7 18. Rfd1 Rfd8 19. Bb5 Nc7 20. Nbxd4 Nxb5 21. Nxb5 Qe8 22. Nd6 Bxd6 23. exd6 e5 24. Nxe5 Nxe5 25.
Qxe5 Qxh5 26. d7 Rxc1 27. Rxc1 Rxd7 28. Qb8+ Kf7 29. Re1 Be4 30. f3 Qg6 31. fxe4 fxe4 32. Qf4+ Kg8 33. Qxe4 Qf7 34. Qe8+ Qxe8 35. Rxe8+ Kf7 36.
Rc8 Rd2 37. Rc7+ Kg6 38. b4 Rd3 39. Be5 Rxa3 40. Rxg7+ Kf5 41. Bb8 a5 42. bxa5 bxa5 43. Rxh7 a4 44. Ra7 Ra1+ 45. Kf2 a3 46. Ra4 a2 47. Ba7 Ke6 48. Be3 Kd5 49. g4 Rh1 50. Bd4 Rh2+ 51. Kg3 Rd2 52. Bh8 Rc2 53. g5 Kc6 54.
Bf6 Kd5 55. Ra8 Ke6 56. Kg4 Rc4+ 57. Kh5 Kf5 58. Ra5+ Ke6 59. Kg6 Rc2 60. Ra6+ Kd5 61. Kg7 Rc7+ 62. Kh6 Rc2 63. g6 Rh2+ 64. Kg7 Rg2 65.
Kh7 Rh2+ 66. Kg8 Rh6 67. g7 Rxf6 68. Rxa2 Rf1 69. Rh2 Ke6 70. Kh8 Ke7 71. g8=Q 1-0

[Event "Late-Titled-Tuesday-Blitz-March-26-2024"]
[Site "Chess.com"]
[Date "2024.03.26"]
[Round "10"]
[White "nj123456"]
[Black "N_I_Chess"]
[Result "0-1"]
[WhiteElo "2456"]
[BlackElo "2355"]
[TimeControl "180+1"]
[EndTime "15:55:48 PDT"]
[Termination "N_I_Chess won by checkmate"]

1. e4 Nf6 2. e5 Nd5 3. d4 d6 4. Nf3 g6 5. Be2 Bg7 6. O-O O-O 7. c4 Nb6 8. Nc3 Bg4 9. Be3 Nc6 10. h3 Bxf3 11. Bxf3 Nxc4 12. exd6 cxd6 13. Qb3 Nxe3 14. fxe3 Na5 15. Qa4 Rc8 16. Nd5 Nc4 17. Qxa7 e6 18. Nc3 Nxe3 19. Rf2 Nf5 20. Rd1 Rc4 21. Rfd2 b6 22.
Be2 Rxd4 23. Qa3 Qg5 24. Rd3 d5 25. Bf3 Nh4 26. Kf2 Nxf3 27. gxf3 Rh4 28. Rh1 Bd4+ 29. Kf1 Qg3 30. Nd1 Rxh3 31. Rxh3 Qxh3+ 32. Ke2 Qg2+ 33. Ke1 Qg1+ 34. Ke2 Qg2+ 35. Ke1 Be5 36. f4 Bxf4 37. Rf3 Bg5 38. Qd3 Bh4+ 39. Nf2 Rc8 40. Ke2 Bxf2 41. Rxf2 Qg4+ 42. Kd2 Qc4 43. Qxc4 Rxc4 44.
b3 Rc5 45. Kd3 h5 46. b4 Rc4 47. Rb2 h4 48. a4 g5 49. a5 bxa5 50. bxa5 Ra4 51.
Rb5 Kg7 52. Kc3 h3 53. Kb3 Ra1 54. Kb2 Ra4 55. Kb3 Ra1 56. Kb2 h2 57. Kxa1 h1=Q+ 58. Rb1 Qe4 59. Rb2 Qa4+ 60. Ra2 Qd1+ 61. Kb2 Qd4+ 62.
Kb1 Qa7 63. a6 f5 64. Kc2 Kf6 65. Kc3 g4 66. Kb4 g3 67. Ka5 Qc5+ 68. Ka4 Qc4+ 69. Ka3 Qxa6+ 70. Kb2 Qxa2+ 71. Kxa2 g2 72. Kb3 g1=Q 73.
Kb2 Qb6+ 74. Ka2 f4 75. Ka3 f3 76. Ka2 f2 77. Ka1 f1=Q+ 78. Ka2 Qfb1+ 79. Ka3 Q1b3# 0-1

[Event "Late-Titled-Tuesday-Blitz-March-26-2024"]
[Site "Chess.com"]
[Date "2024.03.26"]
[Round "10"]
[White "Brahianzevich"]
[Black "MyDream003"]
[Result "0-1"]
[WhiteElo "2532"]
[BlackElo "2812"]
[TimeControl "180+1"]
[EndTime "15:55:49 PDT"]
[Termination "MyDream003 won by resignation"]

1. e4 c5 2. Nc3 d6 3. d4 cxd4 4. Qxd4 Nc6 5. Qd2 Nf6 6. b3 e6 7.
Bb2 Be7 8. O-O-O a6 9. f4 b5 10. g4 b4 11. g5 bxc3 12. Qxc3 Qc7 13. gxf6 Bxf6 14. Qd2 Bb7 15. Bxf6 gxf6 16. Nf3 Qa5 17. Qxa5 Nxa5 18. Rxd6 Bxe4 19. Be2 Ke7 20. Rd4 f5 21. Rhd1 Ra7 22. Ne5 Kf6 23. Rd7 Rha8 24. Bh5 Nc6 25. Nc4 Rxd7 26. Rxd7 Ra7 27. Rd6 Nb4 28. Nd2 Nd5 29.
Be2 a5 30. Bf3 Bxf3 31. Nxf3 Nxf4 32. c4 Ke7 33. Rd2 f6 34. Kb2 e5 35. a3 Ne6 36. b4 axb4 37. axb4 Rb7 38. Kc3 f4 39.
Nh4 Kf7 40. Nf5 Ra7 41. b5 Kg6 42. Nd6 f5 43. Kb4 f3 44. c5 e4 45. Nc4 f4 46. c6 e3 47. Rd6 f2 48. Rxe6+ Kf5 49. Re5+ Kf6 50. b6 Ra1 51. c7 f1=Q 52. c8=Q Rb1+ 53.
Kc5 Qxc4+ 54. Kxc4 Rc1+ 55. Kb5 Rxc8 56. Re4 Kf5 57. Re7 Rb8 58. Rxh7 e2 59. Re7 f3 60. Kc6 Kf4 61. Kc7 Rf8 62. b7 f2 63. Rxe2 f1=Q 64. Re6 Qc4+ 65. Rc6 Qf7+ 66. Kb6 Rb8 67. Rc7 Qb3+ 68.
Kc6 Qc4+ 69. Kd7 Qd5+ 70. Ke7 Rxb7 0-1

[Event "Late-Titled-Tuesday-Blitz-March-26-2024"]
[Site "Chess.com"]
[Date "2024.03.26"]
[Round "10"]
[White "RantomOpening"]
[Black "cthulhuuu"]
[Result "0-1"]
[WhiteElo "2562"]
[BlackElo "2446"]
[TimeControl "180+1"]
[EndTime "15:56:05 PDT"]
[Termination "cthulhuuu won by checkmate"]

1. c4 Nf6 2. Nf3 g6 3. Nc3 Bg7 4. e4 d6 5. d4 O-O 6. Be2 e5 7. Be3 Nc6 8. O-O exd4 9. Nxd4 Re8 10. f3 Nd7 11. Qd2 Nde5 12. Nxc6 bxc6 13. Rfd1 Qe7 14. b3 f5 15. Bg5 Qf7 16. c5 fxe4 17.
Nxe4 d5 18. Ng3 Qf8 19. f4 Qxc5+ 20. Kh1 Ng4 21. Bxg4 Bxg4 22. Rac1 Qe3 23. Qxe3 Rxe3 24. Rd2 h6 25. Bh4 Rae8 26. h3 Bd7 27. Nf1 Re2 28. Rdd1 d4 29. Kg1 Be6 30. Bf2 Bd5 31. Rd2 g5 32. Rcd1 gxf4 33. Nh2 c5 34. Ng4 h5 35. Nh2 Bh6 36. Nf3 Bxf3 37. gxf3 Rxd2 38. Rxd2 Bg7 39. Rc2 Re5 40. Kf1 Kf7 41. Be1 Ke6 42. Bd2 Kf5 43. b4 Bf8 44. b5 Rd5 45. Rc4 Bd6 46. Ke2 Kg5 47. Kd3 Kh4 48. a4 Kxh3 49. a5 Kg3 50. Rc1 Kxf3 51. Rh1 Kg2 52. Rh4 f3 53. Kc4 Rf5 54. Be1 f2 55. Bxf2 Kxf2 56. Re4 Bg3 57. Re7 h4 58. Rxc7 h3 59. Rh7 Kg2 60.
b6 axb6 61. axb6 h2 62. b7 h1=Q 63. Re7 Qf1+ 64. Kb3 Qb5+ 65. Ka2 Rf2+ 66. Ka3 Qb2+ 67. Ka4 Qb4# 0-1

[Event "Late-Titled-Tuesday-Blitz-March-26-2024"]
[Site "Chess.com"]
[Date "2024.03.26"]
[Round "10"]
[White "Felix-Rose"]
[Black "sorch29"]
[Result "1/2-1/2"]
[WhiteElo "2281"]
[BlackElo "2449"]
[TimeControl "180+1"]
[EndTime "15:56:09 PDT"]
[Termination "Game drawn - insufficient material"]

1. e4 c5 2. Nf3 Nc6 3. d4 cxd4 4.
Nxd4 Nf6 5. Nc3 e5 6. Ndb5 d6 7.
Bg5 a6 8. Na3 b5 9. Nab1 Be7 10.
Bxf6 Bxf6 11. a4 b4 12. Nd5 O-O 13. Bc4 Bg5 14. O-O Be6 15. Qd3 Na5 16. Ba2 Qb8 17.
Rd1 Rc8 18. g3 Rc5 19. h4 Bd8 20. Ne3 Be7 21. Bd5 Ra7 22. Nd2 Rac7 23. Nb3 Nxb3 24. Qxb3 Qc8 25. Qxb4 Rxc2 26. Nxc2 Rxc2 27. Bxe6 fxe6 28.
Rd2 Rc4 29. Qb3 Kf7 30. Rad1 Qc6 31. f3 Rxa4 32. Rc2 Qb5 33. Qxb5 axb5 34. Rc7 Kf6 35.
Rb7 Rb4 36. Rd2 h5 37. Kg2 Rb3 38. g4 hxg4 39. fxg4 d5 40. g5+ Kf7 41. exd5 exd5 42. Rxd5 Rxb2+ 43. Kh3 Ke6 44. Rdd7 Bc5 45. Rxg7 e4 46. Kg4 e3 47. Rg6+ Kd5 48. Rd7+ Kc4 49. Re6 b4 50. Rc7 Kb5 51. Re5 Rc2 52. g6 b3 53.
Rb7+ Kc4 54. g7 Rg2+ 55. Kf3 Rxg7 56. Rc7 b2 57. Rexc5+ Kd3 58. Rb5 b1=Q 59. Rxb1 Rxc7 60. Rd1+ Kc2 61. Re1 Rh7 62. Rxe3 Rxh4 63. Re2+ Kd1 64. Re4 Rh7 65. Ke3 Rf7 66. Kd3 Rd7+ 67. Rd4 Rxd4+ 68. Kxd4 1/2-1/2

[Event "Late-Titled-Tuesday-Blitz-March-26-2024"]
[Site "Chess.com"]
[Date "2024.03.26"]
[Round "10"]
[White "AnthonyWirig"]
[Black "Fh2411"]
[Result "1-0"]
[WhiteElo "2811"]
[BlackElo "2582"]
[TimeControl "180+1"]
[EndTime "15:56:11 PDT"]
[Termination "AnthonyWirig won by resignation"]

1. e4 c6 2. Qf3 d5 3. Nc3 dxe4 4.
Nxe4 Nf6 5. Bc4 Qa5 6. Ne2 Qf5 7.
Nxf6+ exf6 8. Qe3+ Qe5 9. d4 Qxe3 10. Bxe3 Be6 11. Bxe6 fxe6 12. c4 Nd7 13. Kd2 Kf7 14. Kc2 Rc8 15. Rad1 Bd6 16. Nc3 Rhd8 17. g4 Bb4 18.
Ne4 h6 19. h4 Be7 20. h5 b5 21. b3 a5 22. c5 Nf8 23. f4 f5 24. Nf2 a4 25. b4 fxg4 26. Nxg4 Bf6 27. Ne5+ Kg8 28.
Rhg1 Rc7 29. Ng4 Kf7 30. Kd3 Rd5 31. Ne5+ Kg8 32. Ke4 Nh7 33. Rg6 Nf8 34. Rg4 Nh7 35.
Rdg1 Kf8 36. Ng6+ Kf7 37. Ne5+ Kf8 38. Rg6 Rd8 39. a3 Rd5 40. Bf2 Rd8 41. R1g2 Rd5 42.
Be3 Rd8 43. R6g4 Rd5 44. Ng6+ Kf7 45. Ne5+ Kf8 46. Rh2 Rd8 47. Rgg2 Rd5 48. Rh1 Rd8 49.
Bf2 Rd5 50. Rhg1 Rd8 51. Ng4 Rd5 52. Rh1 Rd8 53. Bg1 Rd5 54. Bf2 Rd8 55. Rd1 Rd5 56. Rh2 Rd8 57. Ne3 Kf7 58. Ng4 Rcd7 59. Ne5+ Bxe5 60.
fxe5 Ng5+ 61. Kf4 Rd5 62. Be3 Ke7 63. Kg4 Ne4 64. Rf1 Rf8 65. Rf4 Nc3 66. Rg2 Nb1 67. Kf3 Rxf4+ 68. Kxf4 Kf7 69. Bc1 Rxd4+ 70. Ke3 Rd5 71. Rc2 Rxe5+ 72. Kd4 Rxh5 73. Ke4 Rh4+ 74. Ke5 Rh5+ 75. Kd6 Rh1 76. Kxc6 Rh3 77. Kxb5 Nxa3+ 78. Bxa3 Rxa3 79. c6 Rb3 80. c7 1-0

[Event "Late-Titled-Tuesday-Blitz-March-26-2024"]
[Site "Chess.com"]
[Date "2024.03.26"]
[Round "10"]
[White "RuperezA"]
[Black "dealshark"]
[Result "1/2-1/2"]
[WhiteElo "2457"]
[BlackElo "2302"]
[TimeControl "180+1"]
[EndTime "15:56:18 PDT"]
[Termination "Game drawn by repetition"]

1. d4 d5 2. c4 e6 3. Nc3 c5 4. cxd5 exd5 5. Nf3 Nc6 6. g3 Nf6 7. Bg2 Be7 8. O-O O-O 9. Bg5 c4 10. Ne5 Be6 11. f4 Ng4 12. Bxe7 Nxe7 13. f5 Ne3 14. fxe6 Nxd1 15. exf7+ Kh8 16. Raxd1 Qd6 17. e4 Ng6 18. Nxg6+ Qxg6 19. Nxd5 Rxf7 20. Nf4 Qb6 21. Kh1 Raf8 22. e5 g5 23. e6 gxf4 24. exf7 Rxf7 25. d5 Qxb2 26. d6 Qb5 27. Rxf4 Rd7 28. Bh3 Rd8 29. d7 Kg7 30. Rdf1 Qd5+ 31. Kg1 c3 32. Rg4+ Kh6 33. Rh4+ Kg7 34. Rg4+ Kh8 35. Rgf4 Qd6 36. Bf5 b5 37. Kg2 b4 38. Rh4 Rxd7 39. Bxd7 Qxd7 40. Rxb4 c2 41.
Rb8+ Kg7 42. Rb3 Qd2+ 43. Kh3 c1=Q 44. Rxc1 Qxc1 45. Rb7+ Kg6 46. Rxa7 Qf1+ 47. Kh4 Qf6+ 48. Kh3 Qf5+ 49. Kg2 Qe4+ 50. Kh3 Qe6+ 51. Kg2 Qc6+ 52.
Kh3 Qe6+ 53. Kg2 h5 54. h4 Kf5 55. Ra5+ Kg6 56. Rg5+ Kf6 57. Ra5 Qe2+ 58. Kh3 Qf1+ 59. Kh2 Qf2+ 60. Kh3 Qe2 61. Rg5 Qxa2 62. Rxh5 Kg6 63. Rg5+ Kh6 64. Kg4 Qe2+ 65. Kh3 Qf1+ 66. Kh2 Qf2+ 67. Kh3 Qg1 68. Kg4 Qh2 69. Kf3 Qh1+ 70.
Kg4 Qe4+ 71. Kh3 Qe2 72. Rg4 Qf1+ 73. Kh2 Qf3 74. Rf4 Qe2+ 75. Kh3 Qe6+ 76. Kh2 Kg6 77. Kg2 Qe2+ 78. Kh3 Qe1 79. Rg4+ Kh5 80. Rf4 Qe2 81. Rf5+ Kh6 82. Rg5 Qe1 83. Kg4 Qe2+ 84. Kh3 1/2-1/2